 Dungeon Crawl Stone Soup version 0.31.0-12-g77e489cdc1 (webtiles) character file.

Game seed: 5339093960386785801

961 jagang the Slasher (level 8, 0/61 HPs)
             Began as a Human Monk on Mar 5, 2024.
             Slain by a gnoll
             ... wielding a +0 flail
             ... led by a gnoll bouda
              (3 damage)
             ... on level 5 of the Dungeon.
             The game lasted 00:11:23 (3769 turns).

jagang the Slasher (Human Monk)                     Turns: 3769, Time: 00:11:24

Health: 0/61       AC: 17    Str: 12    XL:     8   Next: 15%
Magic:  0/8        EV:  4    Int: 11    God:
Gold:   254        SH:  0    Dex: 17    Spells: 7/7 levels left

rFire   . . .        a - +0 falchion
rCold   x . .        d - orb {light}
rNeg    . . .        o - +0 plate armour
rPois   +            g - +0 hat
rElec   .            (no cloak)
rCorr   +            h - +0 pair of gloves
SInv    .            p - +0 pair of boots
Will    .....        e - amulet of Puirruh {Spirit rPois rC- rCorr} Stlth
                     f - +4 ring of protection
HPRegen 0.30/turn    j - ring of wizardry
MPRegen 0.11/turn

%: guardian spirit, wizardry (x1)
@: weakened, glowing
A: explore regen
a: no special abilities


You were on level 5 of the Dungeon.
You visited 1 branch of the dungeon, and saw 5 of its levels.

You collected 254 gold pieces.

Inventory:

Hand Weapons
 a - a +0 falchion (weapon)
 v - a +1 short sword of speed
Missiles
 q - 8 poisoned darts
Armour
 d - an orb of light (worn)
 g - a +0 hat (worn)
 h - a +0 pair of gloves (worn)
 o - a +0 plate armour (worn)
 p - a +0 pair of boots (worn)
Jewellery
 e - the amulet of Puirruh (around neck) {Spirit rPois rC- rCorr}
   (You acquired it on level 4 of the Dungeon)

   [amulet of guardian spirit]

   Spirit:    It causes incoming damage to be divided between your reserves of
   health and magic.
   rC-:       It makes you vulnerable to cold.
   rPois:     It protects you from poison rCorr: It protects you from acid and
   corrosion.
 f - a +4 ring of protection (left hand)
 j - a ring of wizardry (right hand)
 n - an amulet of regeneration
Talismans
 i - a storm talisman
Wands
 s - a wand of flame (11) (quivered)
Scrolls
 b - 2 scrolls of revelation
 l - 3 scrolls of teleportation
 m - 2 scrolls of noise
 u - a scroll of amnesia {unknown}
Potions
 c - a potion of ambrosia
 k - a potion of heal wounds {unknown}
 r - 3 potions of curing {unknown}
 t - 2 potions of degeneration {unknown}


   Skills:
 + Level 4.9 Fighting
 + Level 5.1 Long Blades
 + Level 1.9 Throwing
 + Level 3.6 Armour
 - Level 3.0 Dodging
 * Level 4.6 Shapeshifting


You had 7 spell levels left.
You didn't know any spells.
Your spell library was empty.

Dungeon Overview and Level Annotations

Branches:
Dungeon (5/15)
 Temple: D:4-7

Altars:
Ashenzari
Nemelex Xobeh
Ru
Vehumet


Innate Abilities, Weirdness & Mutations

You regain HP and MP as you explore.


Message History

You barely miss the gnoll bouda.
The gnoll bouda is heavily wounded.
The gnoll bouda gazes fiercely through you!
You feel your attacks grow feeble.
The gnoll bouda hits you with a +0 club!
The gnoll hits you but does no damage. The gnoll hits you with a +0 flail!
* * * LOW HITPOINT WARNING * * *
You hit the gnoll.
The gnoll is heavily wounded.
The gnoll bouda hits you with a +0 club.
* * * LOW HITPOINT WARNING * * *
The gnoll hits you but does no damage. x2
You hit the gnoll but do no damage.
The gnoll is heavily wounded.
The gnoll bouda hits you but does no damage.
The gnoll hits you with a +0 halberd.
* * * LOW HITPOINT WARNING * * *
The gnoll hits you with a +0 flail.
* * * LOW HITPOINT WARNING * * *
You hit the gnoll bouda.
The gnoll bouda is severely wounded.
The gnoll bouda hits you but does no damage.
The gnoll hits you but does no damage. The gnoll hits you with a +0 flail!
* * * LOW HITPOINT WARNING * * *
You hit the gnoll bouda but do no damage.
The gnoll bouda is severely wounded.
The gnoll bouda hits you but does no damage.
The gnoll barely misses you. The gnoll hits you but does no damage.
You hit the gnoll bouda but do no damage.
The gnoll bouda is severely wounded.
The gnoll bouda hits you with a +0 club.
* * * LOW HITPOINT WARNING * * *
The gnoll hits you but does no damage. The gnoll hits you with a +0 flail.
* * * LOW HITPOINT WARNING * * *
The gnoll bouda hits you with a +0 club.
* * * LOW HITPOINT WARNING * * *
You hit the gnoll bouda.
The gnoll bouda is almost dead.
The gnoll completely misses you. The gnoll hits you with a +0 flail.
You die...

. ###. #### ... ..
..###.###.# .
########.........#..
............##......
#..g##......#...
#...@g../.....# #.
#..g##.....#.. ..
#...##....)# ..
###.###...........
#.##.....#......$....
.###.#.........##.......
..............###.......
#####...................
#.........###.......


You could see a gnoll bouda and 2 gnolls.

Vanquished Creatures
  Sigmund (D:3)
  An ogre (D:4)
  2 phantoms
  2 scorpions (D:4)
  2 hounds (D:4)
  An orc priest (D:4)
  A gnoll bouda (D:4)
  2 sleepcaps
  An iguana (D:4)
  Ijyb (D:3)
  3 orc wizards (D:4)
  4 gnolls
  3 adders (D:3)
  A white imp (D:5)
  2 dart slugs
  6 orcs
  7 ball pythons
  4 bats
  13 endoplasms
  3 giant cockroaches
  10 goblins
  9 hobgoblins
  4 jackals (D:1)
  4 kobolds
  5 frilled lizards
  3 rats
95 creatures vanquished.

Notes
Turn   | Place    | Note
-------+----------+-------------------------------------------
     0 | D:1      | jagang the Human Monk began the quest for the Orb.
     0 | D:1      | Reached XP level 1. HP: 18/18 MP: 1/1
   126 | D:1      | Found a faded altar of an unknown god.
   255 | D:1      | Reached XP level 2. HP: 24/24 MP: 2/2
  1051 | D:2      | Reached skill level 1 in Armour
  1051 | D:2      | Reached XP level 3. HP: 29/29 MP: 3/3
  1126 | D:2      | Found a sacrificial altar of Ru.
  1206 | D:2      | You fall into a shaft and drop 1 floor!
  1403 | D:2      | Reached skill level 1 in Shapeshifting
  1553 | D:3      | Reached XP level 4. HP: 30/35 MP: 4/4
  1674 | D:3      | Noticed Sigmund
  1688 | D:3      | Killed Sigmund
  1689 | D:3      | Reached skill level 4 in Long Blades
  1689 | D:3      | Reached XP level 5. HP: 42/42 MP: 5/5
  1689 | D:3      | Reached XP level 6. HP: 48/48 MP: 6/6
  1838 | D:3      | Noticed Ijyb
  1847 | D:3      | Killed Ijyb
  2677 | D:4      | Reached XP level 7. HP: 55/55 MP: 7/7
  2754 | D:4      | Found a broken altar of Ashenzari.
  2792 | D:4      | Identified a scroll of acquirement
  2894 | D:4      | Reached skill level 1 in Throwing
  2895 | D:4      | Acquired the amulet of Puirruh {Spirit rPois rC- rCorr}
  3087 | D:4      | Found a sparkling altar of Nemelex Xobeh.
  3094 | D:4      | Found a radiant altar of Vehumet.
  3245 | D:4      | Reached skill level 5 in Long Blades
  3248 | D:4      | Reached XP level 8. HP: 7/61 MP: 1/8
  3248 | D:4      | HP: 3/61 [iguana (5)]
  3254 | D:4      | HP: 3/61 [iguana (1)]
  3672 | D:5      | Entered Level 5 of the Dungeon
  3768 | D:5      | HP: 3/61 [gnoll bouda/+0 club (2)]
  3769 | D:5      | Slain by a gnoll

Illustrated notes

Levels and vault maps discovered:
D:1:      tekkud_arrival_beachfront_property, layout_loops_ring,
          ebering_ecumenical_altar_box, corexii_leaking_fountain
D:2:      kennysheep_six_static_rooms, layout_basic, basic_altar,
          nrook_mini_backslash, minivault_14
D:3:      layout_loops_ring, minmay_increasing_density, uniq_sigmund, uniq_ijyb
D:4:      layout_cave_pools, nicolae_overflow_crystal_walls,
          nicolae_overflow_hidden_temple, hangedman_abyss_or_decor_lesser_grid,
          kennysheep_generic_room_16
D:5:      layout_rooms, yredelemnul_altar_generic, zin_treasury

Skill      XL: |  1  2  3  4  5  6  7 |
---------------+----------------------+-----
Armour         | 1 2 3 |  3.6
Shapeshifting  | 1 2 3 4 |  4.6
Fighting       | 4 |  4.9
Long Blades    | 4 5 |  5.1
Throwing       | 1 |  1.9
Dodging        | |  3.0

Action                     |  1- 3 |  4- 6 |  7- 9 || total
---------------------------+-------+-------+-------++-------
  Melee: Falchion          |    94 |    68 |   133 ||   295
         Short sword       |       |    77 |    35 ||   112
  Throw: Dart              |       |       |     5 ||     5
  Evoke: Wand              |       |       |     3 ||     3
    Use: Scroll            |       |       |     7 ||     7
 Armour: Robe              |    12 |       |       ||    12
         Ring mail         |    45 |    26 |       ||    71
         Chain mail        |       |    56 |    50 ||   106
         Plate armour      |       |       |   123 ||   123
  Dodge: Dodged            |    52 |    53 |    42 ||   147
